 Dungeon Crawl Stone Soup version 0.22.1-5-g62c59d9 (webtiles) character file.

419 JustSomeDude the Shield-Bearer (level 6, -4/48 HPs)
             Began as a Demonspawn Fighter on Jan 9, 2019.
             Slain by an ogre
             ... wielding a +0 giant club
              (14 damage)
             ... on level 4 of the Dungeon.
             The game lasted 00:05:04 (2834 turns).

JustSomeDude the Shield-Bearer (Demonspawn Fighter) Turns: 2834, Time: 00:05:05

Health: -4/48      AC:  9    Str: 24    XL:     6   Next: 62%
Magic:  6/6        EV:  8    Int: 11    God:
Gold:   232        SH: 14    Dex: 12    Spells: 5/5 levels left

rFire    + . .     SeeInvis .   a - +0 trident
rCold    x . .     Gourm    .   c - +0 shield
rNeg     . . .     Faith    .   b - +0 scale mail
rPois    +         Spirit   .   (helmet restricted)
rElec    +         Reflect  .   i - +1 cloak
rCorr    .         Harm     .   (no gloves)
MR       .....                  (no boots)
Stlth    ..........             (no amulet)
HPRegen  0.16/turn              l - ring of fire
MPRegen  0.10/turn              (no ring)

@: mighty
A: antennae 1, talons 1, large bone plates 1, clever 1, poison resistance,
electricity resistance
a: no special abilities


You were on level 4 of the Dungeon.
You were not hungry.

You visited 1 branch of the dungeon, and saw 4 of its levels.

You collected 232 gold pieces.

Inventory:

Hand Weapons
 a - a +0 trident (weapon)
Armour
 b - a +0 scale mail (worn)
 c - a +0 shield (worn)
 i - a +1 cloak (worn)
Jewellery
 l - a ring of fire (left hand)
Scrolls
 e - 4 scrolls of remove curse {unknown}
 g - 3 scrolls of enchant weapon {unknown}
 k - 6 scrolls of identify {unknown}
 n - a scroll of teleportation {unknown}
 o - a scroll of enchant armour {unknown}
 r - 4 scrolls of random uselessness {unknown}
 s - a scroll of fear {unknown}
Potions
 d - a potion of might
 h - a potion of resistance
 j - a potion of curing {unknown}
 m - a potion of lignification {unknown}
 p - a potion of heal wounds {unknown}
 q - a potion of degeneration {unknown}
Comestibles
 f - 8 rations
 t - 8 chunks of flesh


   Skills:
 + Level 3.9 Fighting
 + Level 4.0 Polearms
 + Level 3.5 Armour
 + Level 1.0 Dodging
 + Level 0.8 Stealth
 + Level 4.4 Shields


You had 5 spell levels left.
You didn't know any spells.
Your spell library was empty.

Dungeon Overview and Level Annotations

Branches:
Dungeon (4/15)
 Temple: D:4-7

Altars:
Nemelex Xobeh


Innate Abilities, Weirdness & Mutations

You have a pair of small antennae on your head.
You are partially covered in large bone plates. (SH +4)
You have sharp toenails.
Your mind is acute. (Int +2)
Your system is resistant to poisons. (rPois)
You are resistant to electric shocks. (rElec)


Message History

You reach to attack!
Your shield and scale mail prevent you from hitting the ogre.
You hit the ogre.
The ogre is lightly wounded.
You block the ogre's attack.
You hit the ogre. Your kick misses the ogre.
The ogre is lightly wounded.
You block the ogre's attack.
You puncture the ogre! You claw the ogre.
The ogre is heavily wounded.
You block the ogre's attack.
You hit the ogre.
The ogre is heavily wounded.
The ogre hits you with a giant club!!
Ouch! That really hurt!
* * * LOW HITPOINT WARNING * * *
You are too injured to fight recklessly!
You feel very mighty all of a sudden. The ogre hits you with a giant club!
You die...

.$. ####
........# ###
......... #<#
.....##.# #)#
.....##.####)#
............#
#'#....##..##
#O#....#....#
#@#....#.##.#
#....###.##.#
###....#.##.#
#....#.#.##.#
#.#..#.#.##.#
#....# #....#
##.....######
#.##### #.


You could see an ogre.

Vanquished Creatures
  Sigmund (D:2)
  A crimson imp (D:2)
  An orc wizard (D:3)
  Crazy Yiuf (D:3)
  Terence (D:2)
  4 gnolls (D:4)
  4 adders
  An ooze (D:3)
  An adder skeleton (D:4)
  3 worms
  A dart slug (D:2)
  2 leopard geckos
  3 orcs (D:3)
  2 giant cockroaches
  8 goblins
  7 hobgoblins
  6 jackals
  8 kobolds
  A ball python (D:2)
  5 bats
  2 frilled lizards (D:3)
  4 rats
67 creatures vanquished.

Notes
Turn   | Place    | Note
-------+----------+-------------------------------------------
     0 | D:1      | JustSomeDude the Demonspawn Fighter began the quest for the
                  | Orb.
     0 | D:1      | Reached XP level 1. HP: 18/18 MP: 1/1
   191 | D:1      | Gained mutation: You are partially covered in large bone
                  | plates. (SH +4) [demonic ancestry]
   191 | D:1      | Reached XP level 2. HP: 16/24 MP: 2/2
   742 | D:2      | Reached XP level 3. HP: 22/29 MP: 3/3
   810 | D:2      | Noticed Sigmund
   831 | D:2      | Killed Sigmund
   831 | D:2      | Reached XP level 4. HP: 24/35 MP: 4/4
   831 | D:2      | Gained mutation: You have a pair of small antennae on your
                  | head. [demonic ancestry]
   831 | D:2      | Reached XP level 5. HP: 28/41 MP: 5/5
   897 | D:2      | Found a sparkling altar of Nemelex Xobeh.
  1392 | D:2      | Noticed Terence
  1401 | D:2      | Killed Terence
  1401 | D:2      | Reached XP level 6. HP: 42/48 MP: 6/6
  2151 | D:3      | Found a runed door.
  2467 | D:3      | Noticed Crazy Yiuf
  2479 | D:3      | Gained mutation: Your spells are a little harder to cast,
                  | but a little more powerful. [potion of mutation]
  2479 | D:3      | Gained mutation: You are frail. (-10% HP) [potion of
                  | mutation]
  2479 | D:3      | Gained mutation: You have large cloven feet. [potion of
                  | mutation]
  2479 | D:3      | Lost mutation: You are frail. (-10% HP) [potion of
                  | mutation]
  2481 | D:3      | Lost mutation: You have large cloven feet. [potion of
                  | mutation]
  2481 | D:3      | Lost mutation: Your spells are a little harder to cast, but
                  | a little more powerful. [potion of mutation]
  2481 | D:3      | Gained mutation: You have sharp toenails. [potion of
                  | mutation]
  2481 | D:3      | Gained mutation: You have supernaturally acute eyesight.
                  | (SInv) [potion of mutation]
  2481 | D:3      | Gained mutation: You are frail. (-10% HP) [potion of
                  | mutation]
  2481 | D:3      | Gained mutation: You possess an exceptional clarity of
                  | mind. [potion of mutation]
  2482 | D:3      | Lost mutation: You are frail. (-10% HP) [potion of
                  | mutation]
  2482 | D:3      | Lost mutation: You possess an exceptional clarity of mind.
                  | [potion of mutation]
  2482 | D:3      | Gained mutation: You occasionally shout uncontrollably at
                  | your foes. [potion of mutation]
  2482 | D:3      | Gained mutation: You are resistant to electric shocks.
                  | (rElec) [potion of mutation]
  2482 | D:3      | Gained mutation: Your system is resistant to poisons.
                  | (rPois) [potion of mutation]
  2483 | D:3      | Lost mutation: You have supernaturally acute eyesight.
                  | (SInv) [potion of mutation]
  2483 | D:3      | Lost mutation: You occasionally shout uncontrollably at
                  | your foes. [potion of mutation]
  2483 | D:3      | Gained mutation: Your mind is acute. (Int +2) [potion of
                  | mutation]
  2487 | D:3      | Killed Crazy Yiuf
  2487 | D:3      | Reached skill level 1 in Dodging
  2834 | D:4      | Slain by an ogre

Skill      XL: |  1  2  3  4  5  6 |
---------------+-------------------+-----
Polearms       | 2 3 4 |  4.0
Shields        | 3 4 |  4.4
Armour         | 3 |  3.5
Dodging        | 1 |  1.0
Fighting       | |  3.9
Stealth        | |  0.8

Action                   |  1- 3 |  4- 6 || total
-------------------------+-------+-------++-------
Melee: Trident           |    94 |   190 ||   284
       Kick              |       |     1 ||     1
  Use: Potion            |     1 |     7 ||     8
  Eat: Chunk             |       |     4 ||     4
       Ration            |       |     1 ||     1
Armor: Scale mail        |    28 |    42 ||    70
Dodge: Dodged            |    15 |    41 ||    56
Block: Shield            |    66 |   106 ||   172
